[Event "Titled Tuesday Blitz May 23 Early 2023"]
[White "chessjazda"]
[Black "Necula, Iulian"]
[BlackFideId "1232380"]
[WhiteElo "2320"]
[BlackElo "1790"]
[Result "0-1"]
[Round "04"]
[TimeControl "180+2"]
[Date "2023.05.23"]
[WhiteClock "0:00:00"]
[BlackClock "0:00:08"]

1. e4 d6 2. c4 Nf6 3. Nc3 c6 4. g3 g6 5. Bg2 Bg7 6. d3 O-O 7. h3 h6 8. Be3 a5 9. Nge2 Na6 10. O-O e5 11. Qd2 Kh7 12. Rae1 Be6 13. f4 exf4 14. gxf4 Nh5 15. f5 gxf5 16. exf5 Bd7 17. Ne4 d5 18. cxd5 cxd5 19. Nc5 Re8 20. Nxd7 Qxd7 21. Nf4 d4 22. Bf2 Nf6 23. Rxe8 Rxe8 24. Qxa5 Qd6 25. Nd5 Nc5 26. Nxf6+ Bxf6 27. Qd2 Bg5 28. Qd1 Be3 29. Qh5 Qf6 30. Kh1 Bxf2 31. Rxf2 Nxd3 32. Rf1 Re1 33. Rxe1 Nxe1 34. Bd5 d3 35. Qxf7+ Qxf7 36. Bxf7 d2 37. Bb3 Kg7 38. Kg1 Kf6 39. Kf2 Kxf5 40. Ke2 Ng2 41. Kxd2 Nf4 42. h4 b6 43. Ke3 Ng2+ 44. Kd4 Nxh4 45. a4 Kf6 46. Bc2 Nf3+ 47. Ke3 Ne5 48. b4 Nc4+ 49. Kd4 Nd6 50. Kd5 Ke7 51. Kc6 Nc8 52. Kc7 Nd6 53. Kxb6 h5 54. Bd1 h4 55. Bg4 Nc4+ 56. Kc5 Na3 57. a5 Kd8 58. b5 Kc7 59. b6+ Kb7 60. Kb4 Nc2+ 0-1


[Site "https://www.chess.com"]

[Event "Titled Tuesday Blitz May 23 Early 2023"]
[White "stratacticos"]
[Black "Smiechu"]
[WhiteElo "1896"]
[BlackElo "2312"]
[Result "0-1"]
[Round "04"]
[TimeControl "180+2"]
[Date "2023.05.23"]
[WhiteClock "0:00:00"]
[BlackClock "0:00:29"]

1. e4 c5 2. b4 cxb4 3. a3 d5 4. exd5 Nf6 5. Nf3 Nxd5 6. axb4 Bg4 7. h3 Bh5 8. g4 Bg6 9. c3 e6 10. d4 Bd6 11. Bd3 Nd7 12. Bd2 N7f6 13. Bb5+ Ke7 14. Ne5 Bxe5 15. dxe5 Ne4 16. O-O a6 17. Bd3 Re8 18. Bxe4 Bxe4 19. Bg5+ f6 20. exf6+ gxf6 21. Bh4 Rg8 22. f3 Bg6 23. Na3 Nxc3 24. Qb3 Qd4+ 25. Bf2 Ne2+ 26. Kg2 Nf4+ 27. Kg3 Qe5 28. Rfe1 Ne2+ 29. Kg2 h5 30. Rxe2 Qxe2 31. Re1 Qxe1 32. Bxe1 hxg4 33. hxg4 f5 34. Nc4 fxg4 35. fxg4 Be4+ 36. Kg3 Rad8 37. Ne5 Rd5 38. Bc3 Rc8 39. b5 axb5 0-1


[Site "https://www.chess.com"]

[Event "Titled Tuesday Blitz May 23 Early 2023"]
[White "Guz, Ari"]
[Black "Singgih, Diajeng Theresa"]
[WhiteFideId "2825759"]
[BlackFideId "7104391"]
[WhiteElo "2205"]
[BlackElo "1891"]
[Result "1-0"]
[Round "04"]
[TimeControl "180+2"]
[Date "2023.05.23"]
[WhiteClock "0:01:00"]
[BlackClock "0:00:00"]

1. e4 e5 2. Nf3 Nc6 3. Bc4 Bc5 4. c3 Nf6 5. d4 exd4 6. cxd4 Bb4+ 7. Nc3 Nxe4 8. d5 Bxc3+ 9. bxc3 Ne7 10. O-O O-O 11. Qd4 Nd6 12. Bd3 Ndf5 13. Qf4 d6 14. c4 Ng6 15. Qd2 Ne5 16. Nxe5 dxe5 17. Bb2 f6 18. Qc2 Qd7 19. c5 g6 20. c6 Qd6 21. a4 Qd8 22. Rab1 bxc6 23. Ba3 Re8 24. Qxc6 Bd7 25. Qc4 Nd6 26. Qc3 e4 27. Be2 Rc8 28. Ba6 Rb8 29. Rbc1 Bxa4 30. Qa5 Bb5 31. Bxb5 Nxb5 32. Bb2 Qxd5 33. Bxf6 c6 34. Ba1 Rf8 35. Rfd1 Qf5 36. Qd2 Nc7 37. Rc2 Ne6 38. Qc3 Rbd8 39. Qh8+ Kf7 40. Qxh7+ Ke8 41. Rxd8+ Kxd8 42. Rd2+ Kc8 43. Qd7+ Kb8 44. Rb2+ 1-0


[Site "https://www.chess.com"]

[Event "Titled Tuesday Blitz May 23 Early 2023"]
[White "Alhadad, Mahmoud"]
[Black "Ynojosa Aponte, Felix Jose"]
[WhiteFideId "11501863"]
[BlackFideId "3900258"]
[WhiteElo "1955"]
[BlackElo "2413"]
[Result "0-1"]
[Round "04"]
[TimeControl "180+2"]
[Date "2023.05.23"]
[WhiteClock "0:00:02"]
[BlackClock "0:01:34"]

1. e4 c5 2. Nc3 Nc6 3. Bb5 e6 4. Bxc6 bxc6 5. d3 d5 6. f4 Ne7 7. Nf3 Ng6 8. O-O Bd6 9. e5 Bc7 10. Na4 Qd7 11. Nxc5 Qe7 12. d4 O-O 13. b4 f6 14. c3 a5 15. Be3 axb4 16. cxb4 Ba6 17. Rf2 Bb6 18. a4 Bxc5 19. dxc5 fxe5 20. fxe5 Rf5 21. Qd4 Raf8 22. Rb2 Rxf3 23. gxf3 Nh4 24. Kh1 Nxf3 25. Qg4 Bd3 26. h4 Be4 27. Rg2 Qxh4+ 28. Qxh4 Nxh4 29. Rg1 Ra8 30. a5 Rb8 31. Bd2 Nxg2 32. Rxg2 Kf7 33. Kh2 Bxg2 34. Kxg2 Kg6 35. Kf3 Kf5 36. Bc3 g5 37. Be1 h5 38. Ke2 h4 39. Kd3 h3 40. a6 h2 41. a7 Ra8 42. b5 h1=Q 43. b6 Qe4+ 44. Kd2 Qxe5 45. b7 Qb2+ 46. Kd3 Qxb7 47. Bc3 Rxa7 48. Kd4 Ra4+ 49. Kd3 Qb5+ 50. Kc2 Qc4 51. Kb1 Ra2 52. Bb2 Qb3 53. Kc1 Qxb2+ 54. Kd1 Ra1# 0-1


[Site "https://www.chess.com"]

[Event "Titled Tuesday Blitz May 23 Early 2023"]
[White "Wadsworth, Matthew J"]
[Black "Dilmukhametov, Artur"]
[WhiteFideId "415804"]
[BlackFideId "24179922"]
[WhiteElo "2347"]
[BlackElo "2242"]
[Result "1-0"]
[Round "04"]
[TimeControl "180+2"]
[Date "2023.05.23"]
[WhiteClock "0:02:01"]
[BlackClock "0:00:18"]

1. Nf3 Nf6 2. g3 g6 3. Bg2 Bg7 4. O-O O-O 5. c4 c5 6. d4 cxd4 7. Nxd4 e5 8. Nb5 Nc6 9. N1c3 Qe7 10. Bg5 Qd8 11. Nd5 Rb8 12. Rc1 b6 13. Nd6 Nd4 14. Ne4 Bb7 15. Nexf6+ Kh8 16. Nxh7 Qc8 17. Nxf8 Qxf8 18. Bf6 Bxd5 19. Bxg7+ Qxg7 20. cxd5 f5 21. e3 Nb5 22. Qa4 Nd6 23. Qxa7 Rg8 24. Qxb6 Nc4 25. Rxc4 1-0


[Site "https://www.chess.com"]

[Event "Titled Tuesday Blitz May 23 Early 2023"]
[White "Clawitter, Craig"]
[Black "Fantinel, Thibault"]
[WhiteFideId "2023105"]
[BlackFideId "663395"]
[WhiteElo "2244"]
[BlackElo "2316"]
[Result "0-1"]
[Round "04"]
[TimeControl "180+2"]
[Date "2023.05.23"]
[WhiteClock "0:00:00"]
[BlackClock "0:00:24"]

1. e4 c5 2. Nf3 e6 3. d4 cxd4 4. Nxd4 Nc6 5. Nc3 Qc7 6. Be3 a6 7. Qd2 Nf6 8. O-O-O Nxd4 9. Qxd4 Ng4 10. Qb6 Qc6 11. Bd4 e5 12. Qxc6 bxc6 13. Bb6 Rb8 14. Ba7 Ra8 15. Bb6 Rb8 16. Ba7 Rb7 17. Be2 Rxa7 18. Bxg4 Bc5 19. Rd2 Ke7 20. Rhd1 h5 21. Bh3 Rc7 22. Na4 Bd4 23. c3 Ba7 24. b3 Rd8 25. Nb2 d6 26. Bxc8 Rcxc8 27. Nc4 Bb8 28. Kc2 Bc7 29. Rd3 Ke6 30. Rg3 g6 31. Rf1 d5 32. exd5+ cxd5 33. Ne3 Ba5 34. Nd1 Bxc3 35. Rxc3 d4 36. Rxc8 Rxc8+ 37. Kb2 Kd5 38. f4 e4 39. f5 g5 40. f6 Ke5 41. h3 d3 42. g4 Rc2+ 43. Kb1 hxg4 44. hxg4 Kd4 45. Rf5 e3 46. Rxg5 e2 0-1


[Site "https://www.chess.com"]

[Event "Titled Tuesday Blitz May 23 Early 2023"]
[White "Thiel, Thomas"]
[Black "Koutlas, Nikolaos"]
[WhiteFideId "4615964"]
[BlackFideId "25827138"]
[WhiteElo "2235"]
[BlackElo "2215"]
[Result "0-1"]
[Round "04"]
[TimeControl "180+2"]
[Date "2023.05.23"]
[WhiteClock "0:01:18"]
[BlackClock "0:01:28"]

1. e4 c5 2. Nc3 g6 3. d4 cxd4 4. Qxd4 Nf6 5. Be3 Nc6 6. Qd2 Ng4 7. Bd4 Nxd4 8. Qxd4 Qb6 9. Qxb6 axb6 10. h3 Ne5 11. f4 Nc6 12. Nd5 Ra4 13. c4 Kd8 14. a3 Bg7 15. e5 b5 16. b3 Ra7 17. cxb5 Nd4 18. Bc4 Nc2+ 19. Kd2 Nxa1 0-1


[Site "https://www.chess.com"]

[Event "Titled Tuesday Blitz May 23 Early 2023"]
[White "Pasti, Aron"]
[Black "Martin, Lewis"]
[WhiteFideId "785857"]
[BlackFideId "410551"]
[WhiteElo "2173"]
[BlackElo "2145"]
[Result "1-0"]
[Round "04"]
[TimeControl "180+2"]
[Date "2023.05.23"]
[WhiteClock "0:00:13"]
[BlackClock "0:00:12"]

1. e4 c5 2. d4 cxd4 3. c3 dxc3 4. Nxc3 e6 5. Nf3 Nc6 6. Bc4 Bb4 7. O-O Bxc3 8. bxc3 Nge7 9. Qe2 O-O 10. Rd1 Qc7 11. Bb3 Na5 12. Ba3 Nxb3 13. axb3 Re8 14. Bb4 d5 15. Nd4 Bd7 16. Nb5 Bxb5 17. Qxb5 a6 18. Qe2 dxe4 19. Qxe4 Nd5 20. Qd4 a5 21. Bd6 Qxd6 22. c4 Rad8 23. Rxa5 Qb4 24. Rb5 Qe7 25. cxd5 Rxd5 26. Rxd5 exd5 27. h3 Rd8 28. b4 h6 29. Rc1 Qe4 30. Qxe4 dxe4 31. Rc7 Rd1+ 32. Kh2 Rd2 33. Kg3 g5 34. Rxb7 Kg7 35. b5 Kg6 36. b6 Rb2 37. Rb8 f5 38. b7 Kh5 39. Kh2 f4 40. g4+ Kh4 41. Rh8 Rxf2+ 42. Kg1 Kg3 43. b8=Q e3 44. Qb3 Re2 45. Kf1 Rh2 46. Rxh6 Rh1+ 47. Ke2 Kg2 48. Rd6 f3+ 49. Kxe3 Re1+ 50. Kd2 f2 51. Qd5+ Kg1 52. Rf6 f1=Q 53. Rxf1+ Rxf1 54. Qxg5 1-0


[Site "https://www.chess.com"]

[Event "Titled Tuesday Blitz May 23 Early 2023"]
[White "Sanhueza, Cristian"]
[Black "Coelho, Ramyres Santana"]
[WhiteFideId "116815"]
[BlackFideId "2120690"]
[WhiteElo "2174"]
[BlackElo "1888"]
[Result "1-0"]
[Round "04"]
[TimeControl "180+2"]
[Date "2023.05.23"]
[WhiteClock "0:00:14"]
[BlackClock "0:00:11"]

1. e4 c5 2. Nf3 d6 3. d4 cxd4 4. Nxd4 Nf6 5. Nc3 a6 6. Be3 e6 7. g4 b5 8. g5 Nfd7 9. Qh5 g6 10. Qh4 Bb7 11. Bg2 Bg7 12. Qg3 Ne5 13. O-O-O Qc7 14. Ndxb5 axb5 15. Nxb5 Qc6 16. Nxd6+ Ke7 17. Nxb7 Qxb7 18. Bc5+ Ke8 19. Qb3 Qc6 20. Bd4 Nbd7 21. f4 Rb8 22. Qc3 Nc4 23. Bxg7 Rxb2 24. Bxh8 Qb5 25. Qxb2 Nxb2 26. Bxb2 Nc5 27. Bf6 Nd7 28. Bb2 Qb8 29. Rhf1 Qa7 30. Kb1 Nc5 31. Bf6 Qb6+ 32. Kc1 Nd7 33. Bb2 Qe3+ 34. Kb1 Qb6 35. e5 Nc5 36. Rd4 Qb5 37. Rfd1 Kf8 38. h4 Na4 39. Rxa4 Qxa4 40. Rf1 Qc4 41. Kc1 Qc5 42. Rf3 Qg1+ 43. Bf1 Qg4 44. Rf2 Qxh4 45. Bd4 Qg4 46. Kd2 Qf5 47. a3 Qe4 48. c3 Qd5 49. a4 Qa2+ 50. Ke3 Qxa4 51. Bd3 Qa8 52. Rb2 Qd5 53. Be4 Qc4 54. Rc2 Qf1 55. Bd3 Qg1+ 56. Kd2 Qg4 57. Kc1 Qxf4+ 58. Kb2 Qxg5 59. c4 Qe7 60. c5 Qb7+ 61. Kc1 Qd5 62. Bb2 Qxd3 63. c6 Qd8 64. c7 Qc8 65. Bd4 Ke8 66. Bb6 Kd7 67. Rd2+ Kc6 68. Rd8 Qxc7 69. Bxc7 Kxc7 70. Rf8 Kc6 71. Rxf7 Kd5 72. Rxh7 Kxe5 73. Rg7 Kf6 74. Ra7 Kf5 75. Kd2 e5 76. Ke3 g5 77. Ra5 g4 78. Ra4 g3 79. Kf3 g2 80. Kxg2 e4 81. Kf2 Kf4 82. Rb4 Ke5 83. Ke3 Kd5 84. Rxe4 Kc5 85. Kd3 Kd5 86. Re3 Kc5 87. Re5+ 1-0


[Site "https://www.chess.com"]

[Event "Titled Tuesday Blitz May 23 Early 2023"]
[White "Davidson, Kevin"]
[Black "Aanna12"]
[WhiteFideId "2056810"]
[WhiteElo "2151"]
[BlackElo "2214"]
[Result "1-0"]
[Round "04"]
[TimeControl "180+2"]
[Date "2023.05.23"]
[WhiteClock "0:01:28"]
[BlackClock "0:01:39"]

1. e4 e5 2. Nf3 Nc6 3. Bb5 a6 4. Ba4 b5 5. Bb3 Be7 6. O-O Nf6 7. Re1 O-O 8. a4 Rb8 9. d3 Re8 10. c3 d5 11. exd5 Nxd5 12. Nxe5 Nxe5 13. Rxe5 Bb7 14. axb5 axb5 15. d4 Bf6 16. Re1 Qd6 17. Be3 h6 18. Nd2 Qc6 19. Qf3 b4 20. Bxd5 Qxd5 21. Qxd5 Bxd5 22. c4 1-0


[Site "https://www.chess.com"]

[Event "Titled Tuesday Blitz May 23 Early 2023"]
[White "Nugumanov, Bakhtiyar"]
[Black "Martinez, Shawn"]
[WhiteFideId "13701797"]
[BlackFideId "2039770"]
[WhiteElo "2209"]
[BlackElo "2174"]
[Result "1-0"]
[Round "04"]
[TimeControl "180+2"]
[Date "2023.05.23"]
[WhiteClock "0:00:18"]
[BlackClock "0:00:00"]

1. Nf3 g6 2. g3 Bg7 3. Bg2 Nf6 4. O-O O-O 5. c4 d6 6. Nc3 Nc6 7. d3 e5 8. Rb1 Be6 9. b4 Ne7 10. Ng5 Bc8 11. a4 h6 12. Nf3 Bf5 13. b5 Qc8 14. e4 Bh3 15. Be3 Bxg2 16. Kxg2 Nh5 17. Qd2 f5 18. Bxh6 Bxh6 19. Qxh6 Rf7 20. Ng5 Rg7 21. Nd5 Nxd5 22. cxd5 f4 23. Ne6 Qd7 24. Rbc1 Rc8 25. Nxg7 Nxg7 26. Qxg6 Qf7 27. Qxf7+ Kxf7 28. Rc2 Kf6 29. Rfc1 Ne8 30. a5 fxg3 31. hxg3 b6 32. axb6 axb6 33. Ra2 Ke7 34. Ra6 Kd7 35. Ra7 Nf6 36. Rc6 1-0


[Site "https://www.chess.com"]

[Event "Titled Tuesday Blitz May 23 Early 2023"]
[White "Fernandez Garcia, Gumersindo"]
[Black "Arcos Facio, Mateo"]
[WhiteFideId "24516740"]
[BlackFideId "3001199"]
[WhiteElo "2093"]
[BlackElo "2156"]
[Result "1-0"]
[Round "04"]
[TimeControl "180+2"]
[Date "2023.05.23"]
[WhiteClock "0:00:56"]
[BlackClock "0:00:00"]

1. e4 e5 2. Nf3 Nc6 3. d4 exd4 4. Bc4 Nf6 5. O-O Nxe4 6. Re1 d5 7. Bxd5 Qxd5 8. Nc3 Qa5 9. Nxe4 Be6 10. Neg5 O-O-O 11. Nxe6 fxe6 12. Rxe6 Qd5 13. Qe2 Bd6 14. Bg5 Rdf8 15. Re1 Rxf3 16. Qxf3 Qxg5 17. Re8+ Rxe8 18. Rxe8+ Kd7 19. Re1 Ne5 20. Qxb7 Qd2 21. Qe4 g6 22. Qe2 Qxe2 23. Rxe2 Nc4 24. b3 Na3 25. g3 Kc6 26. Kg2 Kc5 27. Rd2 Be5 28. Kf3 Kb4 29. Ke4 Kc3 30. Re2 Bf6 31. Kd5 Nxc2 32. Re6 Bg7 33. Ke4 c5 34. Re7 Bf8 35. Rf7 Bd6 36. Rd7 Bf8 37. Rd8 Bh6 38. Rc8 Kb4 39. a3+ Kxb3 40. Rxc5 Bc1 41. Ra5 Bxa3 42. Rxa7 Bb4 43. Rxh7 Ne1 44. Kxd4 Nf3+ 45. Ke3 Ne5 46. f4 Ng4+ 47. Kf3 Nf6 48. Rg7 g5 49. Rxg5 Bc5 50. h4 Bg1 51. h5 1-0


[Site "https://www.chess.com"]

[Event "Titled Tuesday Blitz May 23 Early 2023"]
[White "Tarnowska, Aleksandra"]
[Black "Herzog2012"]
[WhiteFideId "1180967"]
[WhiteElo "1776"]
[BlackElo "2344"]
[Result "0-1"]
[Round "04"]
[TimeControl "180+2"]
[Date "2023.05.23"]
[WhiteClock "0:00:05"]
[BlackClock "0:00:13"]

1. e4 c5 2. Nf3 Nc6 3. Bb5 g6 4. O-O Bg7 5. c3 Nf6 6. e5 Nd5 7. d4 cxd4 8. cxd4 O-O 9. Nc3 Nxc3 10. bxc3 d6 11. exd6 Qxd6 12. a4 Be6 13. Ba3 Qc7 14. Rc1 Bd5 15. Qe2 a6 16. Bd3 Rfe8 17. Be4 Qd7 18. Rfd1 b5 19. axb5 axb5 20. Bc5 Bc4 21. Qe3 Ra2 22. d5 Na5 23. Qf4 Nb3 24. Ng5 Rf8 25. Rb1 Nxc5 26. Bf3 Nd3 27. Qe3 Bh6 28. h4 Nxf2 29. Rd2 Rxd2 30. Qxd2 Ng4 31. Qf4 Nf6 32. Rd1 Nxd5 33. Qd4 Bg7 34. Qd2 Bxc3 35. Qc2 Ne3 36. Rxd7 Nxc2 37. Rxe7 Bf6 38. Rb7 Bxg5 39. hxg5 b4 40. Be4 b3 41. Rc7 Na3 42. Ra7 Nb5 43. Rb7 Nd6 44. Rb4 Nxe4 45. Rxc4 Rb8 46. Rc1 b2 47. Rb1 Nc3 48. Rxb2 Rxb2 49. Kh2 Ne4 50. Kh3 Nxg5+ 51. Kh4 Ne6 52. g4 f5 53. Kg3 f4+ 54. Kh4 g5+ 55. Kh5 Rh2# 0-1


[Site "https://www.chess.com"]

[Event "Titled Tuesday Blitz May 23 Early 2023"]
[White "dDobravcan"]
[Black "Hinds, Nathan"]
[BlackFideId "7400730"]
[WhiteElo "2125"]
[BlackElo "2001"]
[Result "0-1"]
[Round "04"]
[TimeControl "180+2"]
[Date "2023.05.23"]
[WhiteClock "0:00:07"]
[BlackClock "0:00:55"]

1. d4 Nf6 2. Nc3 e6 3. Bf4 d5 4. e3 Be7 5. g4 h6 6. f3 Bd6 7. Qd2 Bxf4 8. exf4 c5 9. Nge2 Nc6 10. O-O-O c4 11. h4 Qa5 12. g5 Nd7 13. f5 b5 14. fxe6 fxe6 15. Nf4 b4 16. Nb1 c3 17. bxc3 bxc3 18. Qxc3 Nb4 19. Qe3 Nxa2+ 20. Kb2 Rb8+ 21. Ka1 Nc3+ 22. Na3 Qxa3# 0-1


[Site "https://www.chess.com"]

[Event "Titled Tuesday Blitz May 23 Early 2023"]
[White "Martin Alvarez, Inigo"]
[Black "Cramling Bellon, Anna"]
[WhiteFideId "2259354"]
[BlackFideId "32009232"]
[WhiteElo "2343"]
[BlackElo "1976"]
[Result "1-0"]
[Round "04"]
[TimeControl "180+2"]
[Date "2023.05.23"]
[WhiteClock "0:01:17"]
[BlackClock "0:00:00"]

1. e4 c5 2. Nc3 Nc6 3. d3 g6 4. Be3 d6 5. d4 cxd4 6. Bxd4 Nxd4 7. Qxd4 Nf6 8. e5 dxe5 9. Bb5+ Bd7 10. Qxe5 Bg7 11. O-O-O O-O 12. Bxd7 Nxd7 13. Qb5 Bxc3 14. bxc3 Qc7 15. Rxd7 Qxc3 16. Nf3 Rac8 17. Qb2 Qc5 18. Rd2 a5 19. Re1 a4 20. a3 Qa5 21. Rxe7 b5 22. Ne5 Rfd8 23. Nd7 Rxd7 24. Rexd7 Re8 25. Qb4 Qa8 26. Qd4 Qxg2 27. Qf6 Qf1+ 28. Kb2 Qc4 29. Rd8 Qe6 30. Qxe6 1-0


[Site "https://www.chess.com"]

[Event "Titled Tuesday Blitz May 23 Early 2023"]
[White "Winkels, Marcel"]
[Black "Travadon, Loic"]
[WhiteFideId "1003887"]
[BlackFideId "26092131"]
[WhiteElo "1900"]
[BlackElo "2405"]
[Result "1-0"]
[Round "04"]
[TimeControl "180+2"]
[Date "2023.05.23"]
[WhiteClock "0:00:14"]
[BlackClock "0:01:46"]

1. d4 d5 2. Nc3 Nf6 3. Bf4 Bf5 4. e3 e6 5. Nf3 Bb4 6. Bd3 Ne4 7. O-O c5 8. dxc5 Nxc3 9. bxc3 Bxc5 10. Bxf5 exf5 11. Rb1 Bb6 12. Nd4 O-O 13. Nxf5 Nc6 14. Qg4 Qf6 15. Bh6 Ne5 16. Qxg7+ Qxg7 17. Bxg7 Nc4 18. Bxf8 Kxf8 19. Rfd1 Na3 20. Rb3 Nc4 21. Rxd5 a5 22. Nd6 a4 23. Rb4 Nxd6 24. Rxb6 Nc4 25. Rxb7 Na3 26. Rd2 Rc8 27. Rb4 Rxc3 28. Rxa4 Nxc2 29. g3 Na3 30. Rb2 Nc4 31. Rb3 Rc1+ 32. Kg2 Nd2 33. Rd3 Ne4 34. Kf3 Nc3 35. Rc4 Nxa2 36. Rxc1 Nxc1 37. Rd4 Nb3 38. Ke4 Ke7 39. Rd5 f6 40. Rb5 Nd2+ 41. Kd3 Nf3 42. h4 Ne5+ 43. Ke4 h5 44. Kf5 Kf7 45. Rb7+ Ke8 46. Rb6 Ke7 47. Rxf6 Nd3 48. Re6+ Kd7 49. f4 Nf2 50. Re5 Ng4 51. Kg5 Nxe5 52. fxe5 Ke6 53. Kxh5 Kxe5 54. Kg5 Ke6 55. h5 Kf7 56. h6 Kg8 57. Kh5 Kh7 58. g4 Kh8 59. g5 Kg8 60. g6 Kh8 61. e4 Kg8 62. e5 Kh8 63. e6 Kg8 64. e7 Kh8 65. e8=Q# 1-0


[Site "https://www.chess.com"]

[Event "Titled Tuesday Blitz May 23 Early 2023"]
[White "Peiris, T G M"]
[Black "Putri, Regita Desyari"]
[WhiteFideId "9901310"]
[BlackFideId "7109083"]
[WhiteElo "2022"]
[BlackElo "1930"]
[Result "1/2-1/2"]
[Round "04"]
[TimeControl "180+2"]
[Date "2023.05.23"]
[WhiteClock "0:00:04"]
[BlackClock "0:00:06"]

1. e4 e5 2. Nf3 Nc6 3. Bb5 a6 4. Ba4 Nf6 5. O-O Be7 6. Re1 b5 7. Bb3 O-O 8. c3 d5 9. exd5 Nxd5 10. Nxe5 Nxe5 11. Rxe5 c6 12. Bxd5 cxd5 13. d4 Bd6 14. Re3 Qh4 15. h3 Bf5 16. Nd2 Rae8 17. Nf3 Qf6 18. Bd2 Be4 19. Ng5 Bf4 20. Nxe4 dxe4 21. Re1 Bc7 22. Be3 Qd6 23. g3 Qd7 24. Kg2 f5 25. Qd2 f4 26. Bxf4 Bxf4 27. gxf4 Re6 28. Kh2 Rh6 29. Qe3 Rxf4 30. Rg1 Qf5 31. Qg3 Rxf2+ 32. Rg2 Rxg2+ 33. Qxg2 Qf4+ 34. Qg3 Qd2+ 35. Kh1 Rg6 36. Qb8+ Kf7 37. Qb7+ Ke6 38. Qxe4+ Kd6 39. Qe5+ Kc6 40. Qc5+ Kd7 41. Qd5+ Ke7 42. Qe5+ Re6 43. Qxg7+ Kd6 44. Qg3+ Kc6 45. Qf3+ Kd6 46. Qg3+ Kc6 47. Qf3+ Kd6 48. Qg3+ 1/2-1/2


[Site "https://www.chess.com"]

[Event "Titled Tuesday Blitz May 23 Early 2023"]
[White "Buscar, Michael"]
[Black "Sailer, Mike"]
[WhiteFideId "2603616"]
[BlackFideId "2012901"]
[WhiteElo "2010"]
[BlackElo "2109"]
[Result "1-0"]
[Round "04"]
[TimeControl "180+2"]
[Date "2023.05.23"]
[WhiteClock "0:00:52"]
[BlackClock "0:00:29"]

1. d4 d5 2. c4 Bf5 3. Nc3 e6 4. Nf3 Nc6 5. g3 Bb4 6. Bg2 Nf6 7. O-O Bxc3 8. bxc3 O-O 9. Bg5 h6 10. Bxf6 Qxf6 11. cxd5 exd5 12. Ne5 Nxe5 13. dxe5 Qxe5 14. Qxd5 Qxd5 15. Bxd5 c6 16. Bc4 Rfd8 17. Rfd1 Kf8 18. f3 Ke7 19. Kf2 Rxd1 20. Rxd1 Rd8 21. Rxd8 Kxd8 22. Bxf7 Kc7 23. e4 Bd7 24. e5 Bf5 25. Ke3 Kd7 26. g4 Bb1 27. Bb3 c5 28. a4 b6 29. f4 Ke7 30. f5 h5 31. h3 hxg4 32. hxg4 Kf8 33. Kf4 Bd3 34. g5 c4 35. Bd1 a6 36. e6 Ke7 37. Ke5 b5 38. axb5 axb5 39. f6+ gxf6+ 40. gxf6+ Kf8 41. e7+ 1-0


[Site "https://www.chess.com"]

[Event "Titled Tuesday Blitz May 23 Early 2023"]
[White "Rose, Felix"]
[Black "Hartikainen, Jarmo"]
[WhiteFideId "5105722"]
[BlackFideId "503134"]
[WhiteElo "2039"]
[BlackElo "2083"]
[Result "1-0"]
[Round "04"]
[TimeControl "180+2"]
[Date "2023.05.23"]
[WhiteClock "0:00:12"]
[BlackClock "0:00:00"]

1. e4 c5 2. Nf3 Nc6 3. d4 cxd4 4. Nxd4 Nf6 5. Nc3 d6 6. Bg5 Bd7 7. Qd2 a6 8. O-O-O e6 9. f4 h6 10. Bh4 g5 11. fxg5 Ng4 12. Nf3 Be7 13. g3 Nge5 14. Nxe5 Nxe5 15. g6 fxg6 16. Bxe7 Qxe7 17. Qxd6 Qxd6 18. Rxd6 Ke7 19. Rd4 Bc6 20. Bh3 Rhf8 21. Rhd1 1-0


[Site "https://www.chess.com"]

[Event "Titled Tuesday Blitz May 23 Early 2023"]
[White "Sanudula, K M Dahamdi"]
[Black "Bashkansky, Ethan"]
[WhiteFideId "9932470"]
[BlackFideId "2071533"]
[WhiteElo "1556"]
[BlackElo "2291"]
[Result "0-1"]
[Round "04"]
[TimeControl "180+2"]
[Date "2023.05.23"]
[WhiteClock "0:00:59"]
[BlackClock "0:01:21"]

1. d4 f5 2. e3 Nf6 3. Bd3 g6 4. Nd2 Bg7 5. c3 O-O 6. f4 d6 7. Ngf3 Kh8 8. Qe2 Nc6 9. O-O e5 10. e4 fxe4 11. Nxe4 exd4 12. Nxd4 Nxd4 13. cxd4 Nxe4 14. Qxe4 d5 15. Qe3 Qf6 16. Qf3 Qxd4+ 17. Kh1 c6 18. Rb1 Bg4 19. Qg3 Rae8 20. b3 Be2 21. Bxe2 Rxe2 22. Ba3 Rfe8 23. f5 Be5 24. Qg5 Qd2 25. fxg6 Qxg5 0-1


[Site "https://www.chess.com"]

[Event "Titled Tuesday Blitz May 23 Early 2023"]
[White "Lohani, Sujana"]
[Black "Rosenberg, Evan S"]
[WhiteFideId "12311987"]
[BlackFideId "2019299"]
[WhiteElo "1718"]
[BlackElo "2287"]
[Result "0-1"]
[Round "04"]
[TimeControl "180+2"]
[Date "2023.05.23"]
[WhiteClock "0:00:00"]
[BlackClock "0:02:12"]

1. d4 d5 2. Nf3 Bf5 3. c4 e6 4. cxd5 exd5 5. Nc3 Nf6 6. Qb3 Nc6 7. a3 Na5 8. Qa4+ c6 9. e3 Bd6 10. Be2 O-O 11. O-O b5 12. Qd1 Re8 13. b4 Nc4 14. h3 a5 15. bxa5 Qxa5 16. Qb3 Bb8 17. Nh4 Be6 18. Rd1 Qc7 19. Nf3 Bf5 20. Bd3 Be4 21. Bxe4 dxe4 22. Nd2 Qh2+ 0-1


[Site "https://www.chess.com"]

[Event "Titled Tuesday Blitz May 23 Early 2023"]
[White "Semenova, Alina"]
[Black "De Souza, Cristiano Gomes"]
[WhiteFideId "24113875"]
[BlackFideId "2151758"]
[WhiteElo "1833"]
[BlackElo "2068"]
[Result "1-0"]
[Round "04"]
[TimeControl "180+2"]
[Date "2023.05.23"]
[WhiteClock "0:01:38"]
[BlackClock "0:01:20"]

1. e4 c5 2. Nf3 d6 3. d4 cxd4 4. Nxd4 Nf6 5. Nc3 g6 6. Be2 Bg7 7. O-O O-O 8. Be3 Nc6 9. f4 Bd7 10. Kh1 a5 11. a4 Nxd4 12. Bxd4 Bc6 13. Bf3 Nd7 14. Bxg7 Kxg7 15. Qd4+ Kg8 16. b3 Qb6 17. Qd2 Nc5 18. Rae1 Rad8 19. Qf2 Nd7 20. Qh4 Qc5 21. Nd5 Bxd5 22. exd5 Nf6 23. c4 Rfe8 24. f5 Kg7 25. g4 Qd4 26. Qg3 h6 27. h4 h5 28. g5 Ng4 29. Bxg4 Qxg4 30. Qxg4 hxg4 31. fxg6 fxg6 32. Kh2 Rd7 33. Kg3 e5 34. dxe6 Rde7 35. Rf6 Rc8 36. Kxg4 Rc5 37. Rd1 Rc6 38. Rd5 Rb6 39. Rb5 Rxb5 40. axb5 Rc7 41. Rf7+ Rxf7 42. exf7 Kxf7 43. h5 gxh5+ 44. Kxh5 Kg7 45. g6 b6 46. Kg5 1-0


[Site "https://www.chess.com"]

[Event "Titled Tuesday Blitz May 23 Early 2023"]
[White "Jimenez Fernandez, Rebeca"]
[Black "Vargas, Mauricio"]
[WhiteFideId "32070934"]
[BlackFideId "4404572"]
[WhiteElo "2008"]
[BlackElo "1986"]
[Result "1-0"]
[Round "04"]
[TimeControl "180+2"]
[Date "2023.05.23"]
[WhiteClock "0:01:02"]
[BlackClock "0:00:07"]

1. e4 c5 2. Nc3 d6 3. g3 Nf6 4. Bg2 Nc6 5. d3 g6 6. h3 Bg7 7. Be3 O-O 8. Qd2 e6 9. Bh6 d5 10. Bxg7 Kxg7 11. Nge2 d4 12. Nd1 e5 13. O-O Be6 14. f4 exf4 15. Nxf4 Bd7 16. Nf2 g5 17. Ne2 h6 18. g4 Ne5 19. Ng3 Rg8 20. Nd1 Kh7 21. b3 Be6 22. Nb2 Nfxg4 23. hxg4 Nxg4 24. Bh3 Qc7 25. Nf5 Ne3 26. Nxe3 dxe3 27. Qxe3 g4 28. Bg2 Rae8 29. Rf6 Qe5 30. Qxh6# 1-0


[Site "https://www.chess.com"]

[Event "Titled Tuesday Blitz May 23 Early 2023"]
[White "Sanchez, Robert"]
[Black "Nissinen, Niilo Man"]
[WhiteFideId "2034360"]
[BlackFideId "30950767"]
[WhiteElo "1838"]
[BlackElo "1952"]
[Result "0-1"]
[Round "04"]
[TimeControl "180+2"]
[Date "2023.05.23"]
[WhiteClock "0:02:41"]
[BlackClock "0:02:01"]

1. e4 c5 2. d4 cxd4 3. c3 dxc3 4. Nxc3 Nc6 5. Nf3 d6 6. Bc4 e6 7. O-O Nf6 8. Qe2 Be7 9. Rd1 a6 10. e5 Nd5 11. Nxd5 exd5 12. Bxd5 O-O 13. Bf4 dxe5 14. Bxf7+ Rxf7 15. Rxd8+ Bxd8 16. Nxe5 Rxf4 17. Qc4+ Rxc4 0-1


[Site "https://www.chess.com"]